 Dungeon Crawl Stone Soup version 0.31-a0-1-g4198be8af4 (webtiles) character file.

Game seed: 1010984769208698449

4 Ahpoh the Slasher (level 1, -1/11 HPs)
             Began as a Vine Stalker Monk on May 2, 2023.
             Slain by a jackal (2 damage)
             ... on level 1 of the Dungeon.
             The game lasted 00:00:08 (87 turns).

Ahpoh the Slasher (Vine Stalker Monk)                 Turns: 87, Time: 00:00:09

Health: -1/11      AC:  2    Str: 13    XL:     1   Next: 60%
Magic:  0/2        EV: 12    Int: 10    God:
Gold:   17         SH:  0    Dex: 16    Spells: 0/0 levels left

rFire   . . .        a - +0 falchion
rCold   . . .        d - orb {light}
rNeg    . . .        b - +0 robe
rPois   .            (no helmet)
rElec   .            (no cloak)
rCorr   .            (no gloves)
SInv    .            (no boots)
Will    .....        (no amulet)
Stlth   +            (no ring)
HPRegen 0.21/turn    (no ring)
MPRegen 0.08/turn

%: guardian spirit
@: glowing
A: fangs 2, magic shield, antimagic bite, no potion heal 2
a: no special abilities


You were on level 1 of the Dungeon.
You visited 1 branch of the dungeon, and saw 1 of its levels.

You collected 17 gold pieces.

Inventory:

Hand Weapons
 a - a +0 falchion (weapon)
Armour
 b - a +0 robe (worn)
 d - an orb of light (worn)
Scrolls
 e - 3 scrolls of blinking {unknown}
Potions
 c - a potion of ambrosia


   Skills:
 + Level 2.7 Fighting
 + Level 2.8 Long Blades
 + Level 2.5 Dodging


You couldn't memorise any spells.
You didn't know any spells.
Your spell library contained the following spells:

 Spells                   Type           Power      Damage    Failure   Level
 Apportation              Tloc           0%         N/A       36%         1
 Necrotise                Necr           0%         1d4       36%         1
 Summon Small Mammal      Summ           0%         N/A       36%         1


Dungeon Overview and Level Annotations

Branches:
Dungeon (1/15)

Altars:


Innate Abilities, Weirdness & Mutations

You have extremely sharp teeth.
When hurt, damage is shared between your health and your magic reserves.
Your bite disrupts and absorbs the magic of your enemies.
Potions cannot restore your health.


Message History

You see here a bat corpse.
Found 12 gold pieces.
You now have 17 gold pieces (gained 12).
Found a faded altar of an unknown god.
You open the door.
There is an open door here.
You pick up a book of Cantrips and begin reading...
You add the spells Necrotise, Summon Small Mammal and Apportation to your library.
You open the door. 2 jackals come into view.
The jackal barks! x2; You hear a bark!
A jackal comes into view.
A quokka comes into view.
The jackal bites you.
You hear a bark!
There are monsters nearby!
You hit the jackal but do no damage. You bite the jackal. You drain its power.
The jackal is moderately wounded.
A jackal comes into view.
A giant cockroach comes into view.
The jackal misses you.
You completely miss the jackal.
The jackal is moderately wounded.
A kobold comes into view. It is wielding a +0 dagger.
The jackal closely misses you. The jackal bites you.
The kobold shouts!
You hit the jackal.
You kill the jackal!
The jackal barely misses you. x2
The quokka bites you. The jackal misses you. The quokka bites you.
* * * LOW HITPOINT WARNING * * *
There is an open door, spattered with blood here.
You see here a jackal corpse.
You hit the quokka but do no damage. You bite the quokka, but do no damage.
The jackal closely misses you.
The quokka bites you but does no damage.
The jackal bites you.
* * * LOW HITPOINT WARNING * * *
You hit the quokka.
You kill the quokka!
The jackal bites you.
You die...

#+## ##...##
##.....##.# .
##.......#.##
...K####............
....Bhh@...........
#...####h........# #
##.......# ##.....##
##...## ##'## #.# ##
#.# ####8#8#8
##.###....._..


You could see 3 jackals, a giant cockroach and a kobold.

Vanquished Creatures
  A bat (D:1)
  A hobgoblin (D:1)
  A jackal (D:1)
  A quokka (D:1)
4 creatures vanquished.

Notes
Turn   | Place    | Note
-------+----------+-------------------------------------------
     0 | D:1      | Ahpoh the Vine Stalker Monk began the quest for the Orb.
     0 | D:1      | Reached XP level 1. HP: 11/11 MP: 2/2
    36 | D:1      | Found a faded altar of an unknown god.
    87 | D:1      | Slain by a jackal

Illustrated notes

Levels and vault maps discovered:
D:1:      elethiomel_arrival_quiet, layout_loops_corners,
          ebering_ecumenical_altar_hall, grunt_decor_resistance

Action                     || total
---------------------------++-------
  Melee: Falchion          ||     8
         Bite              ||     3
 Armour: Robe              ||     2
  Dodge: Dodged            ||     8

Table legend: (Time is in decaauts)
 A = Elapsed time spent in this place.
 B = Non-inter-level travel time spent in this place.
 C = Inter-level travel time spent in this place.
 D = Time resting spent in this place.
 E = Time spent auto-exploring this place.
 F = Levels seen in this place.
 G = Mean time per level.
                   A        B        C        D        E       F      G
               +--------+--------+--------+--------+--------+-----+--------+
         Total |     88 |     88 |      0 |      0 |     60 |   1 |   88.0 |
       Dungeon |     88 |     88 |      0 |      0 |     60 |   1 |   88.0 |
               +--------+--------+--------+--------+--------+-----+--------+

Top non-repeatable levels by time:
     D:1: 88 daAuts
